 Seeded DCSS version 0.31-a0-1278-g11c5b68f87 (webtiles) character file.

Game seed: 2784412586281298278 (custom seed)

13686 timneilson the Blocker (level 12, -6/75 HPs)
             Began as a Gargoyle Fighter on Dec 17, 2023.
             Was a High Priest of Qazlal.
             Mangled by Kirke (11 damage)
             ... on level 12 of the Dungeon on Dec 18, 2023.
             The game lasted 00:26:55 (13293 turns).

timneilson the Blocker (Gargoyle Fighter)          Turns: 13293, Time: 00:26:56

Health: -6/75      AC:  3    Str: 20    XL:     12   Next: 8%
Magic:  11/16      EV: 16    Int: 10    God:    Qazlal [*****.]
Gold:   589        SH:  6    Dex: 13    Spells: 11/11 levels left

rFire   . . .        u - melded +0 scimitar (protect)
rCold   . . .        w - melded +0 kite shield
rNeg    + . .        A - melded +0 plate armour
rPois   ∞            C - melded +0 helmet
rElec   .            (cloak currently unavailable)
rCorr   .            e - melded +3 Mad Mage's Maulers {Infuse+∞ VampMP -Cast}
SInv    .            b - melded +2 pair of boots {rampage}
Will    .....        g - amulet of magic regeneration
Stlth   +            p - melded +6 ring of dexterity
HPRegen 0.32/turn    I - melded +4 ring of slaying
MPRegen 0.55/turn

%: repel missiles
@: pig-form, protected from physical damage, slowed, studying Fighting
A: fast, no casting, sickness immunity, AC +8, small, negative energy resistance
1, (electricity resistance), torment resistance 1, petrification resistance
a: Renounce Religion, Upheaval, Elemental Force, Disaster Area


You were on level 12 of the Dungeon.
You worshipped Qazlal.
Qazlal was extremely pleased with you.
You were a filthy swine.
You visited 1 branch of the dungeon, and saw 12 of its levels.
You also visited: Bailey.

You collected 589 gold pieces.

Inventory:

Hand Weapons
 a - a +1 long sword of flaming
 u - a +0 scimitar of protection (melded)
Missiles
 c - 2 throwing nets
Armour
 b - a +2 pair of boots of rampaging (melded)
 e - the +3 Mad Mage's Maulers (melded) {Infuse+∞ VampMP -Cast}
   (You acquired it on level 1 of the Dungeon)

   Infuse+∞: It empowers its wearer's blows with all of their magic.
   VampMP:    Blows struck in melee replenish the wearer's magic.
   -Cast:     It prevents spellcasting.
 w - a +0 kite shield (melded)
 A - a +0 plate armour (melded)
 C - a +0 helmet (melded)
Jewellery
 g - an amulet of magic regeneration (around neck)
 p - a +6 ring of dexterity (melded)
 I - a +4 ring of slaying (melded)
Wands
 n - a wand of polymorph (5)
 q - a wand of digging (1)
 s - a wand of light (3)
 t - a wand of charming (18)
 H - a wand of flame (11)
Scrolls
 h - 5 scrolls of teleportation
 k - 2 scrolls of enchant weapon
 l - 3 scrolls of fog
 v - 4 scrolls of vulnerability
 y - 3 scrolls of enchant armour
 B - a scroll of immolation
 D - a scroll of butterflies
 F - a scroll of amnesia
Potions
 d - 2 potions of might
 f - 2 potions of attraction
 i - 2 potions of enlightenment
 j - 4 potions of haste
 o - 3 potions of lignification
 r - 3 potions of curing
 E - a potion of berserk rage
Miscellaneous
 z - a tin of tremorstones (2/2)


   Skills:
 + Level 8.6 Fighting
 * Level 8.3 Long Blades
 * Level 10.2 Armour
 + Level 5.0 Dodging
 * Level 10.2 Shields
 + Level 6.2 Invocations
 + Level 4.6 Evocations


You had 11 spell levels left.
You didn't know any spells.
Your spell library contained the following spells:

 Spells                   Type           Power      Damage    Failure   Level
 Sandblast                Erth           0%         2d4       36%         1
 Passwall                 Tmut/Erth      0%         N/A       50%         2
 Static Discharge         Conj/Air       0%         3-3/arc   50%         2
 Gell's Gravitas          Tloc           0%         N/A       75%         3
 Ignite Poison            Fire/Tmut/Pois 0%         N/A       75%         3
 Stone Arrow              Conj/Erth      0%         3d7       75%         3
 Tukima's Dance           Hex            0%         N/A       75%         3
 Airstrike                Air            0%         2d(0-16)  98%         4
 Brom's Barrelling Bould  Conj/Erth      0%         2d3       98%         4
 Passage of Golubria      Tloc           0%         N/A       98%         4
 Summon Lightning Spire   Summ/Air       0%         N/A       98%         4
 Vhi's Electric Charge    Tloc/Air       0%         N/A       98%         4
 Arcjolt                  Conj/Air       0%         1d10      100%        5
 Freezing Cloud           Conj/Ice/Air   0%         6-21      100%        5
 Yara's Violent Unravell  Hex/Tmut       0%         3d3       100%        5
 Plasma Beam              Fire/Air       0%         2x1d10    100%        6
 Summon Horrible Things   Summ           0%         N/A       100%        8
 Cigotuvi's Dreadful Rot  Necr/Pois/Air  Unusable   N/A       N/A         2

Dungeon Overview and Level Annotations

Branches:
Dungeon (12/15)            Temple (0/1) D:7            Lair (0/5) D:8
    Orc (0/2) D:9          Bailey (visited)

Altars:
Ashenzari
Cheibriados
Gozag
Makhleb
Okawaru
Qazlal
Sif Muna
Trog
Uskayaw
Zin
The Shining One

Shops:
D:7 =

Annotations:
D:4 2 runed translucent doors, Cadnt's ghost, amateur FoMo
D:12 Kirke


Innate Abilities, Weirdness & Mutations

You are a filthy swine.
You move quickly.
Your equipment is almost entirely melded.
You are incapable of wielding weapons or throwing items.
You cannot cast spells.
You are immune to sickness and miasma.
((Your stone body is resilient. (AC +8)))
You are immune to poison.
You resist negative energy. (rN+)
((You are resistant to electric shocks. (rElec)))
You are resistant to unholy torment.
You are immune to petrification.


Message History

You hit something. Something hits you!
You feel more protected from physical attacks.
The hog closely misses you.
You closely miss something. The hog bites you!
* * * LOW HITPOINT WARNING * * *
Something hits you!
* * * LOW HITPOINT WARNING * * *
The hog completely misses you.
Unknown command.
You feel much better. Something hits you. The hog closely misses you.
You hear some strange, mumbled words.
Something summons a manticore!
The hog completely misses you.
You feel much better. The hog bites you but does no damage. Something hits you.
The manticore is engulfed in freezing vapours.
The manticore closely misses you. You block the manticore's attack.
The manticore closely misses you. The hog bites you.
You hit the hog.
The hog is lightly wounded.
Something barely misses you. The manticore bites you! The manticore claws you!
You feel more protected from physical attacks.
The manticore claws you. The hog barely misses you. Something hits you.
You hit the hog.
The hog is lightly wounded.
The hog bites you.
The manticore is engulfed in blazing flames.
The manticore bites you!
* * * LOW HITPOINT WARNING * * *
You block the manticore's attack. The manticore misses you.
You hear some strange, mumbled words.
Something summons a manticore!
The hog bites you!
* * * LOW HITPOINT WARNING * * *
Unknown command.
You feel better.
The manticore is engulfed in blazing flames.
The manticore misses you. The manticore claws you!
* * * LOW HITPOINT WARNING * * *
You feel more protected from physical attacks.
The manticore claws you but does no damage.
The hog completely misses you. Something hits you!
You die...

......#.. #....#
.....##. #....#
.....#...###+#....#
.....#............#
.....#....#####...#
###..#. #...# #+##
#...# #.°H# #Hh○#
#☼{h# #☼°°# #...#
....# .....#
......# .......#
.......##


You could see 2 manticores and a hog.

Vanquished Creatures
  2 two-headed ogres
  Pikel (D:9)
  2 cyclopes
  A kobold demonologist (D:10)
  An unseen horror (D:12)
  Jeremiah (D:6)
  5 trolls
  Sigmund (D:2)
  2 shadows
  2 wraiths
  3 wyverns
  A vampire (D:10)
  2 hogs (D:12)
  A steam dragon (D:5)
  9 yaks
  5 acid dragons
  2 water moccasins
  Duvessa (D:6)
  17 orc warriors
  3 ice beasts
  A sky beast (D:7)
  A black bear (D:5)
  2 ogres
  9 centaurs (Bailey)
  A phantom (D:7)
  A lemure (D:9)
  A kobold brigand (D:8)
  2 bullfrogs
  3 scorpions
  3 gnoll sergeants
  8 wights
  Dowan (D:6)
  A killer bee (D:9)
  3 howler monkeys
  6 hounds
  A jelly (D:7)
  8 orc priests
  5 iguanas
  8 orc wizards
  22 gnolls
  12 adders
  A shadow imp (D:6)
  3 white imps
  3 ufetubi
  2 worms
  A dart slug (D:2)
  71 orcs
  7 bats
  9 endoplasms
  4 giant cockroaches
  8 goblins
  A hobgoblin (D:3)
  10 jackals
  4 quokkas
  9 ball pythons
  A frilled lizard (D:1)
  8 kobolds
  6 rats
309 creatures vanquished.

Vanquished Creatures (others)
  An arcanist (D:6)
  An ufetubus (D:6)
2 creatures vanquished.

Grand Total: 311 creatures vanquished

Notes
Turn   | Place    | Note
-------+----------+-------------------------------------------
     0 | D:1      | timneilson the Gargoyle Fighter began the quest for the
                  | Orb.
     0 | D:1      | Reached XP level 1. HP: 14/14 MP: 1/1
    22 | D:1      | Identified a scroll of acquirement
    22 | D:1      | Acquired the +3 Mad Mage's Maulers {Infuse+∞ VampMP -Cast}
    22 | D:1      | Found the +3 Mad Mage's Maulers {Infuse+∞ VampMP -Cast}
    62 | D:1      | Reached XP level 2. HP: 19/19 MP: 0/2
   428 | D:1      | Reached XP level 3. HP: 20/23 MP: 1/3
  1056 | D:1      | Reached XP level 4. HP: 21/28 MP: 1/4
  1609 | D:2      | Noticed Sigmund
  1616 | D:2      | Killed Sigmund
  1617 | D:2      | Reached skill level 1 in Dodging
  1617 | D:2      | Reached XP level 5. HP: 33/33 MP: 0/5
  1617 | D:2      | Reached XP level 6. HP: 38/38 MP: 0/6
  2327 | D:2      | Found a burning altar of Makhleb.
  3003 | D:3      | Found a stormy altar of Qazlal.
  3006 | D:3      | Became a worshipper of Qazlal Stormbringer
  3568 | D:3      | Found an iron altar of Okawaru.
  3637 | D:3      | Found a shimmering blue altar of Sif Muna.
  3788 | D:3      | Found a glowing golden altar of the Shining One.
  4007 | D:4      | Reached skill level 5 in Armour
  4007 | D:4      | Reached skill level 5 in Shields
  4080 | D:4      | Found a large runed translucent door.
  4080 | D:4      | Found a large runed translucent door.
  4082 | D:4      | Reached XP level 7. HP: 43/43 MP: 2/7
  4138 | D:4      | Reached skill level 1 in Invocations
  4146 | D:4      | Noticed Cadnt's ghost (amateur FoMo)
  4433 | D:4      | Reached * piety under Qazlal
  4879 | D:5      | Entered Level 5 of the Dungeon
  5311 | D:5      | Reached XP level 8. HP: 48/48 MP: 1/9
  5413 | D:5      | Found a broken altar of Ashenzari.
  6446 | D:6      | Found an opulent altar of Gozag.
  6479 | D:6      | Noticed a wyvern
  6493 | D:5      | Killed a wyvern
  6494 | D:5      | Reached skill level 5 in Fighting
  6565 | D:5      | Reached skill level 1 in Evocations
  6583 | D:6      | Noticed Duvessa
  6586 | D:6      | Reached ** piety under Qazlal
  6588 | D:6      | Noticed Dowan
  6596 | D:6      | Killed Duvessa
  6597 | D:6      | Reached skill level 5 in Long Blades
  6597 | D:6      | Reached XP level 9. HP: 42/54 MP: 1/11
  6641 | D:6      | Killed Dowan
  6773 | D:6      | Noticed Jeremiah
  6797 | D:6      | Killed Jeremiah
  6970 | D:6      | Found a glowing silver altar of Zin.
  7200 | D:6      | Found a bloodstained altar of Trog.
  7202 | D:6      | Noticed an arcanist
  7206 | D:6      | Killed an arcanist
  7251 | D:7      | Found a staircase to the Ecumenical Temple.
  7256 | D:7      | Got the Omnibus of Amassed Position
  7270 | D:7      | Found a hide-covered altar of Uskayaw.
  7382 | D:7      | Found Hyose's Jewellery Shoppe.
  7962 | D:8      | Found a staircase to the Lair.
  7983 | D:8      | Reached XP level 10. HP: 48/60 MP: 1/13
  8031 | D:8      | Reached *** piety under Qazlal
  8245 | D:8      | Found a flagged portal.
  8260 | Bailey   | Entered a bailey
  9330 | D:8      | Noticed a cyclops
  9339 | D:8      | Killed a cyclops
  9994 | D:9      | Reached skill level 5 in Invocations
 10014 | D:9      | Reached XP level 11. HP: 47/67 MP: 1/14
 10266 | D:9      | Noticed a two-headed ogre
 10280 | D:9      | Killed a two-headed ogre
 10612 | D:9      | Reached **** piety under Qazlal
 10646 | D:9      | Found a staircase to the Orcish Mines.
 10718 | D:9      | Found a snail-covered altar of Cheibriados.
 10853 | D:9      | Noticed Pikel
 10859 | D:9      | Killed Pikel
 11396 | D:10     | Entered Level 10 of the Dungeon
 11526 | D:10     | Reached ***** piety under Qazlal
 12984 | D:12     | Noticed a two-headed ogre
 13003 | D:12     | Killed a two-headed ogre
 13004 | D:12     | Reached skill level 10 in Armour
 13004 | D:12     | Reached skill level 10 in Shields
 13097 | D:12     | Noticed a cyclops
 13106 | D:12     | Killed a cyclops
 13107 | D:12     | Reached skill level 5 in Dodging
 13107 | D:12     | Reached XP level 12. HP: 66/75 MP: 1/16
 13270 | D:12     | Noticed Kirke
 13293 | D:12     | Mangled by Kirke

Illustrated notes

Levels and vault maps discovered:
D:1:      nzn_arrival_settlement, layout_loops_ring, minmay_heptomino_h4
D:2:      layout_loops_ring, basic_altar, uniq_sigmund
D:3:      layout_rooms, mainiacjoe_overflow_swirl,
          amethyst_overflow_temple_binary, serial_bayou_lagoon_b
D:4:      layout_rooms, ebering_ghost_disaster_area
D:5:      layout_loops_ring, mainiacjoe_overflow_surrounded_room
D:6:      layout_rooms, pdpol_temple_overflow_zin_treasury_gozag_greed,
          trog_wizard, uniq_jeremiah, uniq_duvessa
D:7:      layout_cave_pools, nicolae_uskayaw_murder_on_the_dancefloor,
          temple_pool_b, serial_shops, nicolae_shop_just_a_little_nook
D:8:      layout_gridville, dpeg_oklobed_lair, enter_bailey_2,
          kennysheep_nondescript, dreamdust_mushroom_princess
D:9:      minmay_inner_zag, layout_stronghold, slow_altar_1, hiddenorc2_lemuel,
          serial_glass, glass_columns_b, glass_columns_c, feat_on_display,
          item_on_display_a, item_on_display_a, feat_on_display, uniq_pikel
D:10:     layout_basic
D:11:     layout_layer_cave
D:12:     layout_irregular_city, gammafunk_ghost_ooze, uniq_kirke, uniq_sonja

Skill      XL: |  1  2  3  4  5  6  7  8  9 10 11 |
---------------+----------------------------------+-----
Long Blades    | 2 3 4 5 6 7 8 |  8.3
Armour         | 4 5 6 7 8 10 | 10.2
Shields        | 4 5 6 7 8 10 | 10.2
Fighting       | 4 5 7 8 |  8.6
Dodging        | 1 2 3 4 5 |  5.0
Invocations    | 1 3 4 5 6 |  6.2
Evocations     | 1 2 3 4 |  4.6

Action                     |  1- 3 |  4- 6 |  7- 9 | 10-12 || total
---------------------------+-------+-------+-------+-------++-------
  Melee: Long sword        |    88 |   144 |   215 |   275 ||   722
         Scimitar          |       |       |       |   132 ||   132
         Unarmed           |       |       |       |    13 ||    13
  Evoke: Wand              |       |       |     5 |     4 ||     9
    Use: Scroll            |     1 |     6 |     7 |     9 ||    23
         Potion            |       |       |       |     4 ||     4
 Armour: Scale mail        |    74 |    99 |   136 |       ||   309
         Chain mail        |       |       |     4 |   187 ||   191
         Plate armour      |       |       |       |   132 ||   132
         Skin              |       |       |       |    22 ||    22
  Dodge: Dodged            |    53 |    76 |    96 |   176 ||   401
  Block: Buckler           |    26 |    26 |   114 |   223 ||   389
         Kite shield       |       |       |       |   104 ||   104
         Other             |       |       |       |     6 ||     6

Table legend: (Time is in decaauts)
 A = Elapsed time spent in this place.
 B = Non-inter-level travel time spent in this place.
 C = Inter-level travel time spent in this place.
 D = Time resting spent in this place.
 E = Time spent auto-exploring this place.
 F = Levels seen in this place.
 G = Mean time per level.
                   A        B        C        D        E       F      G
               +--------+--------+--------+--------+--------+-----+--------+
         Total |  13481 |  13132 |    349 |    279 |   9726 |  13 | 1037.0 |
       Dungeon |  12488 |  12139 |    349 |    279 |   9509 |  12 | 1040.7 |
        Bailey |    993 |    993 |      0 |      0 |    217 |   1 |  993.0 |
               +--------+--------+--------+--------+--------+-----+--------+

Top non-repeatable levels by time:
     D:5: 1650 daAuts
     D:9: 1576 daAuts
     D:2: 1565 daAuts
     D:1: 1245 daAuts
     D:4: 1086 daAuts
     D:3: 1073 daAuts
  Bailey: 993 daAuts
     D:8: 962 daAuts
    D:11: 793 daAuts
    D:10: 789 daAuts
     D:6: 752 daAuts
     D:7: 669 daAuts
    D:12: 324 daAuts
